Cogmind - Beta 13 @@@ ROGUE MODE // 2024.03.08 @ 19:59:35 Player: Baxter Result: Destroyed by G-47 Trooper with Particle Gun Performance ------------- Evolutions (0) 0 Regions Visited (2) 400 Robots Destroyed (10) 50 Value Destroyed (244) 244 Prototype IDs (0) 0 Alien Tech Used (0) 0 Bonus (0) 0 TOTAL SCORE: 694 Bonus ------- None Cogmind --------- Core Integrity 0/250 Matter 270/300 Energy 123/125 System Corruption 0% Temperature Cool (11) Movement Rolling (200) Ox8 Location -10/Mines Parts ------- > --- POWER (1) -------- Light Ion Engine > --- PROPULSION (2) --- Wheel > --- UTILITY (2) ------ Huge Storage Unit Terrain Scanner > --- WEAPON (2) ------- Light Assault Rifle Light Assault Rifle > --- INVENTORY (25) --- Ion Engine Ion Engine Light Ion Engine Aluminum Leg Aluminum Leg Aluminum Leg Wheel Medium Storage Unit Large Matter Pod (100) Terrain Scan Processor Seismic Detector Light Assault Rifle Light Assault Rifle Grenade Launcher Grenade Launcher Grenade Launcher Grenade Launcher Grenade Launcher Rocket Launcher Peak State ------------ > --- POWER ------------ Light Ion Engine > --- PROPULSION ------- Wheel Wheel > --- UTILITY ---------- Huge Storage Unit Terrain Scanner > --- WEAPON ----------- Light Assault Rifle Light Assault Rifle > --- INVENTORY -------- Ion Engine Ion Engine Light Ion Engine Aluminum Leg Aluminum Leg Aluminum Leg Wheel Medium Storage Unit Terrain Scan Processor Seismic Detector Small Laser Small Laser Light Assault Rifle Light Assault Rifle Grenade Launcher Grenade Launcher Grenade Launcher Grenade Launcher Grenade Launcher [Rating: 9] Favorites ----------- Power Light Ion Engine Engine Light Ion Engine Propulsion Wheel Wheel Wheel Utility Huge Storage Unit Device Terrain Scanner Storage Huge Storage Unit Weapon Light Assault Rifle Energy Gun Small Laser Ballistic Gun Light Assault Rifle Launcher Rocket Launcher Build | -11 -10 -10 ------- Run | Yrd Mat Min Slots Evolved . | . . . Power . | . . . Propulsion . | . . . Utility . | . . . Weapon . | . . . Parts Attached 12 | 5 5 2 Power 1 | 1 . . Engine 1 | 1 . . Core . | . . . Reactor . | . . . Propulsion 3 | 2 1 . Treads . | . . . Leg . | . . . Wheel 3 | 2 1 . Hover . | . . . Flight . | . . . Utility 2 | . 2 . Device 1 | . 1 . Storage 1 | . 1 . Processor . | . . . Hackware . | . . . Protection . | . . . Artifact . | . . . Weapon 6 | 2 2 2 Energy Gun 2 | 2 . . Energy Cannon . | . . . Ballistic Gun 3 | . 2 1 Ballistic Cannon . | . . . Launcher 1 | . . 1 Special Weapon . | . . . Impact Weapon . | . . . Slashing Weapon . | . . . Piercing Weapon . | . . . Special Melee Weapon . | . . . Unidentified Prototypes . | . . . Parts Lost 3 | . 2 1 Power . | . . . Propulsion 2 | . 1 1 Utility . | . . . Weapon 1 | . 1 . Highest Loss Streak 2 | . 2 1 To Critical Strikes . | . . . Average Slot Usage (%) 89 | . 84 91 Engine 14 | . 14 14 Wheel 21 | . 23 20 Device 10 | . 4 14 Storage 13 | . 12 14 Energy Gun 4 | . 12 . Ballistic Gun 19 | . 15 21 Launcher 4 | . . 6 Naked Turns . | . . . Heaviest Build 89 | 5 86 89 Greatest Support 20 | 20 20 20 Greatest Overweight (x) 8 | . 8 8 Average Overweight (x) 3 | . 3 5 Largest Inventory Capacity 25 | 5 25 25 Average Capacity 23 | 5 23 25 Most Carried 21 | 4 19 21 Average Carried 15 | 2 10 19 Final Capacity 25 | 5 25 25 Final Carried 19 | 4 19 19 Class Distribution -------------------- 100% | Mutant Dominant Class ---------------- Mutant | -10/Materials Mutant | -10/Mines Resources | -11 -10 -10 ----------- Run | Yrd Mat Min Matter Collected 437 | 250 70 117 Remotely . | . . . Salvage Created 446 | 59 375 12 Parts 20 | 1 19 . Haulers Intercepted 1 | . 1 . Recyclers Shooed 1 | . 1 . Parts Field Recycled . | . . . Retrieved Matter . | . . . Parts Self-Destructed . | . . . Prevented . | . . . Kills | -11 -10 -10 ------- Run | Yrd Mat Min Combat Hostiles Destroyed 7 | 1 5 1 Guns 7 | 1 5 1 Classes Destroyed 6 | 2 3 1 Worker 1 | 1 . . Builder 1 | . 1 . Hauler 1 | . 1 . Recycler 1 | . 1 . Grunt 6 | 1 5 . Assembled 1 | . . 1 Best Kill Streak 3 | 1 3 1 Combat Bots Only 3 | 1 3 1 Max Kills in Single Turn 1 | 1 1 1 Gunslinging . | . . . Exploded . | . . . Melee . | . . . Uniques/NPCs Destroyed . | . . . Combat | -11 -10 -10 -------- Run | Yrd Mat Min Hostile Shots Fired 50 | 5 29 16 Missed 6 | 1 2 3 Damage Taken 627 | 41 360 226 Core 254 | . 142 112 Absorbed by Shields . | . . . Core Remaining (%) 100 | 100 . . Volleys Fired 49 | 5 33 11 Largest 2 | 2 2 2 Hottest 80 | 80 80 53 Shots Fired 96 | 10 64 22 Gun 95 | 10 64 21 Cannon . | . . . Launcher 1 | . . 1 Special . | . . . Kinetic 51 | . 30 21 Thermal 44 | 10 34 . Explosive 1 | . . 1 Electromagnetic . | . . . Robot Hit Streak 12 | 7 12 6 Robot Miss Streak 3 | 1 3 3 Penetration Max . | . . . Secondary Targets . | . . . Shots Hit Robots 67 | 9 44 14 Core Hits 28 | 3 19 6 Critical Kills 1 | . 1 . Critical Parts Destroyed . | . . . Critical Strikes 1 | . 1 . Destroy 1 | . 1 . Melee Attacks . | . . . Impact . | . . . Slashing . | . . . Piercing . | . . . Sneak Attacks . | . . . Combat Hostiles . | . . . Follow-up Attacks . | . . . Damage Inflicted 649 | 95 415 139 Guns 611 | 95 415 101 Cannons . | . . . Explosions 38 | . . 38 Melee . | . . . Ramming . | . . . Kinetic 263 | . 162 101 Thermal 348 | 95 253 . Explosive 38 | . . 38 Electromagnetic . | . . . Impact . | . . . Slashing . | . . . Piercing . | . . . Highest Corruption . | . . . Average Corruption . | . . . Corruption Purged . | . . . Corruption Blocked . | . . . Overload Shots . | . . . Overflow Damage . | . . . Projectiles . | . . . Explosions . | . . . Melee . | . . . Knockbacks . | . . . Impact . | . . . Kinetic . | . . . Secondary . | . . . Self-Inflicted Damage 46 | . . 46 Shots 1 | . . 1 Rammed . | . . . Targets Rammed . | . . . Kicked . | . . . Crushed . | . . . Highest Temperature 419 | 96 419 22 Average Temperature 167 | 46 218 11 Received Heat Transfer 306 | 24 222 60 Effects 5 | . 5 . Shutdowns 3 | . 3 . Energy Bleed 1 | . 1 . Interference 1 | . 1 . Siege Activations . | . . . Robots Corrupted . | . . . Combat Hostiles . | . . . Parts Fried . | . . . Impact Corruptions . | . . . Robots Melted . | . . . Combat Hostiles . | . . . Parts Melted 1 | 1 . . Heat Transferred 800 | 225 575 . Parts Sabotaged . | . . . Parts Stolen . | . . . Parts Stripped . | . . . Power Chain Reactions . | . . . Alert | -11 -10 -10 ------- Run | Yrd Mat Min Peak Influence 133 | 25 133 51 Initial 51 | . 16 51 Average 40 | 4 73 28 Maximum Alert Level . | . . . Low Security (%) 100 | 100 100 100 Level 1 . | . . . Level 2 . | . . . Level 3 . | . . . Level 4 . | . . . Level 5 . | . . . High Security . | . . . Max Security . | . . . Squads Dispatched . | . . . Investigation . | . . . Extermination . | . . . Reinforcement . | . . . Assault . | . . . Garrison . | . . . Intercept . | . . . Searches Triggered . | . . . Construction Impeded . | . . . Haulers Reinforced . | . . . Active Scanning Responses . | . . . Cargo Convoy Interrupts . | . . . Stealth | -11 -10 -10 --------- Run | Yrd Mat Min Distress Signals 1 | . . 1 Communications Jammed . | . . . Distress Signals . | . . . Times Spotted 9 | 1 5 3 Peak Tracking Total 3 | 1 3 2 Tactical Retreats . | . . . Traps | -11 -10 -10 ------- Run | Yrd Mat Min Traps Triggered . | . . . Indirectly . | . . . Trap Hack Attempts . | . . . Triggered . | . . . Disarmed . | . . . Reprogrammed . | . . . Reused . | . . . Traps Extracted . | . . . Installed . | . . . Triggered . | . . . Machines | -11 -10 -10 ---------- Run | Yrd Mat Min Machines Disabled . | . . . Max in Single Turn . | . . . Machines Repaired . | . . . Machines Dismantled . | . . . Machines Sabotaged . | . . . Overloaded Fab Kills . | . . . Hacking | -11 -10 -10 --------- Run | Yrd Mat Min Machines Accessed . | . . . Terminals . | . . . Fabricators . | . . . Repair Stations . | . . . Recycling Units . | . . . Scanalyzers . | . . . Garrison Access . | . . . Total Hacks . | . . . Successful . | . . . Failed . | . . . Catastrophic . | . . . Database Lockouts . | . . . Manual . | . . . Terminals . | . . . Fabricators . | . . . Repair Stations . | . . . Recycling Units . | . . . Scanalyzers . | . . . Garrison Access . | . . . Terminal Hacks . | . . . Fabricator Hacks . | . . . Repair Station Hacks . | . . . Recycling Unit Hacks . | . . . Scanalyzer . | . . . Garrison Access Hacks . | . . . Unauthorized Hacks . | . . . Terminals . | . . . Fabricators . | . . . Repair Stations . | . . . Recycling Units . | . . . Scanalyzers . | . . . Garrison Access . | . . . Data Cores Recovered . | . . . Used . | . . . Hacking Detections . | . . . Full Trace Events . | . . . Feedback Events . | . . . Feedback Blocked . | . . . Robot Schematics Acquired . | . . . Robots Built . | . . . Authchips . | . . . Time . | . . . Total Robot Build Rating . | . . . Part Schematics Acquired . | . . . Parts Built . | . . . Authchips . | . . . Time . | . . . Total Part Build Rating . | . . . Parts Repaired . | . . . Time . | . . . Parts Recycled . | . . . Recycled Matter . | . . . Retrieved Matter . | . . . Retrieved Components . | . . . Parts Scanalyzed . | . . . Part Schematics Acquired . | . . . Parts Damaged . | . . . Bothacking | -11 -10 -10 ------------ Run | Yrd Mat Min Used RIF Installer . | . . . Robots Hacked . | . . . Non-combat . | . . . Combat . | . . . Robot Hacks Applied . | . . . Relay Couplers Released . | . . . Fabnet Peak Effective % . | . . . Robots Rewired . | . . . Allies Hacked . | . . . Hacks Repelled . | . . . Allies | -11 -10 -10 -------- Run | Yrd Mat Min Total Allies . | . . . Largest Group . | . . . Highest-Rated Group . | . . . Highest-Rated Ally . | . . . Total Orders . | . . . Ally Attacks . | . . . Total Damage . | . . . Kills . | . . . Allies Corrupted . | . . . Allies Melted . | . . . Intel | -11 -10 -10 ------- Run | Yrd Mat Min Robot Analysis Total . | . . . Derelict Logs Recovered . | . . . Drone Launches . | . . . Drone Recoveries . | . . . Exploration | -11 -10 -10 ------------- Run | Yrd Mat Min Turns Passed 1132 | 83 359 690 Spaces Moved 515 | 78 168 269 Core 19 | 19 . . Treads . | . . . Legs . | . . . Wheels 496 | 59 168 269 Hover . | . . . Flight . | . . . Fastest Speed 50 | 50 80 140 Average Speed 138 | 72 137 158 Slowest Speed 200 | 80 200 200 Overloaded Moves . | . . . Propulsion Burnouts . | . . . Robots Hopped . | . . . Cave-ins Triggered . | . . . Exploration Rate (%) 23 | 6 26 39 Regions Visited 2 Branch Regions 1 Pre-discovered Areas . | . . . Known Exits Taken . | . . . Unknown Exits Taken 2 | 1 1 . Scrap Searched . | . . . Spaces Dug . | . . . Terrain Destroyed 8 | . . 8 Melee . | . . . Projectile . | . . . AOE 8 | . . 8 Terrain Rammed . | . . . Walls Destroyed . | . . . Machines Disabled . | . . . Actions | -11 -10 -10 --------- Run | Yrd Mat Min Total 844 | 91 236 517 Wait 243 | . 14 229 Move 513 | 77 167 269 Hop . | . . . Pick Up 24 | 4 17 3 Fast Attach 7 | 5 2 . Attach 2 | . 2 . Detach . | . . . Swap 3 | . 1 2 Drop 3 | . . 3 Fire 49 | 5 33 11 Melee . | . . . Ram . | . . . Kick . | . . . Crush . | . . . Escape Stasis . | . . . Rewire . | . . . Trap . | . . . Miscellaneous . | . . . Route ------- -11/Scrapyard -10/Materials -10/Mines (discovered 1 exit: [*Sub]) History --------- Turn | Location | Event 2 | -11/Scrapyard | Met Revision 17 63 | -11/Scrapyard | Discovered new exit (range 8) 84 | -11/Scrapyard | Entered Materials 235 | -10/Materials | Core integrity fell below 50% 300 | -10/Materials | Build established: Mutant 426 | -10/Materials | Discovered new exit (range 6) 443 | -10/Materials | Entered Mines 642 | -10/Mines | Received a Rocket Launcher from a helpful Derelict 648 | -10/Mines | Assembled infested the area 653 | -10/Mines | Assisted by a Guerilla fighting off Assembled 1102 | -10/Mines | Discovered new exit (range 14) 1105 | -10/Mines | Core integrity fell below 20% 1133 | -10/Mines | Destroyed by G-47 Trooper with Particle Gun Last Messages --------------- coming from, and they're closing on this area, come on!" 00678_ D-53 Grenadier unfolds itself. 00678_ BE-LBK(h): "I'll hold them off! Go on ahead or try to find another way!" 00678_ HV Slug penetrates D-53 Grenadier. 00678_ D-53 Grenadier suffers critical hit (Destroy). 00678_ D-53 Grenadier knocked back. 00680_ BE-LBK(h) destroyed. 00753_ Wheel destroyed. 00756_ as-83701 destroyed. 00759_ Acquired 12 matter. 01041_ U-05 Engineer builds a Wall. 01046_ K-01 Serf collects debris. 01052_ Acquired 19 matter. 01062_ Acquired 86 matter. 01102_ EXIT=FOUND 01116_ The unstable cave ceiling collapses. 01117_ T-07 Excavator is excavating. Map ----- +----------------------------------------------------+ | | | | | | | | | | | | | | | | | | | | | | | ????????????????????????????????????????? | | ???????????#????????????????????????????? | | ????????????????????????????????????????? | | ???????????????????????????????????????#? | | ???????????????? ???????????????????????# | | ???????????????? """"??????????????????#? | | ???????????????? """"??????#????????????? | | ???????????????? """????????????????????# | | ???????????????? ? ???#??????????????# | | ???????#????????# #??????#?????#?#???### | | ????????????????# #??????????????#??## | | ????????????????# #????#####???????##% | | ?????#?????????## #???## ###???### | | ???????#<##????##gg#??## #????## | | ???????# ####@ ##??# ##??## # | | ???????# ##?# #### ### | | ???????# t #### ##?? | | ???????# # #### #??? | | ???#????###??## #?#? | | ?????????????# ##??? | | ??????????# # u ## ##???# | | ?????????# ### # ######????# | | ?????????# #??## ## #?#???????? | | ?????????## #??#?# #?????#???? | | ??????????# ##??#??# # ##????????? | | ??????????# ???????# #### #?##?????? | | ??????????#????????# #??## #????????? | | ?????????????????#?# #???## ###?#????#? | | ???????????????#???# #??#?####?????????? | | ??????????????????## #?????#??#????????? | | ??????????#??????#?# #??#?#????????????? | | ???????????????????# #?#?##????????????? | | ???????????????????# #######???????????? | | ?????????????????### ##????#?????? | | ????????????????## #??????????? | | ???????????? ?#?# #??????????? | | ???????????#????# * #?#?????#??? | | ????????????????# = ### #??????????? | | ???????????#????# ##?## #??????????? | +----------------------------------------------------+ Best States ------------- Heat Dissipation 25 Energy Generation 10 Energy Capacity 125 Matter Stores 300 Matter Capacity 300 Sight Range 16 Terrain Scan Range 14 Terrain Scan Density 10 Evasion (%) 50 Item Schematics ----------------- None Robot Schematics ------------------ None Fabricated ------------ Nothing Alien Tech Used ----------------- None Achievements -------------- None Challenges ------------ None Game ------ Seed HeatNodeAutogun Manual? 0 Play Time 00:08:33 Cumulative 26.1 hours Start 2024.03.08 @ 19:53:40 End 2024.03.08 @ 19:59:35 Sessions 1 Manual Loads 0 Difficulty Rogue Special Mode None Game No. 26 Rogue 26 Adventurer 0 Explorer 0 Win Type - Total 0 Types 0/0/0/0/0/0/0/0/0 Lore% 22 Gallery% 24 Achievement% 22 Wizard Run 0 Options --------- Layout 1 ASCII 0 Keyboard 0 Movement Numpad Keybinds 0 Fullscreen 2 Font 24/X11 Map View 50x35 Zoom Use 0% Tactical HUD 1 Map Filters NONE Filters NONE Steam 0 RUN: 56f84b1d-003c-415d-8b9b-9d54b630a9b3